[ AOE2 MATCH · #506176825 ]
UnrankedDravidians vs Tatars
Player's team · WIN
Rival team · LOSS
[ REPLAY ANALYSIS · EXTRACTED FROM THE RECORDED GAME ]
Feudal
9:16
Castle
20:14
Imperial
—
| APM avg | 56.3 |
| APM peak | 86 |
| eAPM avg | 28.6 |
| Villagers / military | 51 / 35 |
Focus
⚔️ 44.9% · 🌾 55.1%
Archer ×32 · Militia ×3
Feudal
11:00
Castle
21:45
Imperial
—
| APM avg | 50.4 |
| APM peak | 89 |
| eAPM avg | 19.6 |
| Villagers / military | 40 / 16 |
Focus
⚔️ 41.8% · 🌾 58.2%
Skirmisher ×11 · Militia ×3 · Archer ×2
Match map
Initial resources + every placement click. Lines = walls · curves = elevation contours. ◆ gold · ⬟ stone · ● berries · ✦ relic · ◌ wall gap
Your base· ✓ Closed at 20:14 · 31t walls · 1 gate(s)
JOJO ROAD ROLLER's base· Open — unwalled flank
Smoothed initial terrain · ◌ = detected wall gap · hover for details
Inputs per minute
— Nacional - - JOJO ROAD ROLLER
Build order — Nacional
149 actions detected in the replay
| 0:01 | Create | Villager (Male) |
| 0:01 | Create | Villager (Male) |
| 0:02 | Build | House |
| 0:03 | Build | House |
| 0:07 | Create | Villager (Male) |
| 0:07 | Create | Villager (Male) |
| 1:24 | Create | Villager (Male) |
| 1:54 | Create | Villager (Male) |
| 2:12 | Create | Villager (Male) |
| 2:12 | Create | Villager (Male) |
| 2:22 | Build | Lumber Camp |
| 2:49 | Create | Villager (Male) |
| 3:11 | Create | Villager (Male) |
| 3:35 | Create | Villager (Male) |
| 3:50 | Build | House |
| 3:57 | Create | Villager (Male) |
| 4:21 | Create | Villager (Male) |
| 4:21 | Create | Villager (Male) |
| 4:26 | Create | Villager (Male) |
| 4:48 | Create | Villager (Male) |
| 4:49 | Create | Villager (Male) |
| 5:06 | Create | Villager (Male) |
| 5:31 | Build | Barracks |
| 5:33 | Create | Villager (Male) |
| 5:46 | Build | House |
| 6:03 | Create | Villager (Male) |
| 6:04 | Research | Loom |
| 6:49 | Research | Feudal Age |
| 7:01 | Build | Mining Camp |
| 7:04 | Create | Militia |
| 7:20 | Build | House |
| 7:21 | Build | Palisade Wall |
| 7:27 | Create | Militia |
| 7:45 | Build | Palisade Wall |
| 7:46 | Create | Villager (Male) |
| 7:50 | Build | Palisade Wall |
| 7:57 | Build | Palisade Wall |
| 8:00 | Create | Militia |
| 8:04 | Build | Palisade Wall |
| 8:29 | Create | Villager (Male) |
| 8:33 | Build | House |
| 9:16 | Age | Feudal Age |
| 9:20 | Build | Archery Range |
| 9:22 | Research | Man-at-Arms (upgrade) |
| 9:22 | Research | Man-at-Arms (upgrade) |
| 9:28 | Build | Mill |
| 9:45 | Build | House |
| 9:50 | Create | Villager (Male) |
| 9:54 | Build | Blacksmith |
| 10:19 | Create | Archer |
| 10:20 | Create | Archer |
| 10:23 | Build | House |
| 10:28 | Create | Villager (Male) |
| 10:33 | Build | Farm |
| 10:37 | Create | Villager (Male) |
| 10:55 | Build | Farm |
| 10:57 | Build | Farm |
| 11:06 | Research | Fletching |
| 11:06 | Research | Fletching |
| 11:25 | Build | Farm |
| 11:27 | Create | Villager (Male) |
| 11:27 | Create | Villager (Male) |
| 11:33 | Create | Archer |
| 11:51 | Create | Villager (Male) |
| 11:51 | Create | Villager (Male) |
| 11:57 | Create | Archer |
| 12:01 | Create | Villager (Male) |
| 12:16 | Build | Farm |
| 12:30 | Create | Archer |
| 12:56 | Create | Archer |
| 12:58 | Create | Villager (Male) |
| 13:00 | Research | Double-Bit Axe |
| 13:00 | Research | Double-Bit Axe |
| 13:07 | Create | Villager (Male) |
| 13:09 | Build | Farm |
| 13:09 | Build | Farm |
| 13:30 | Create | Villager (Male) |
| 13:32 | Build | Farm |
| 13:47 | Create | Archer |
| 13:49 | Create | Villager (Male) |
| 13:51 | Build | Farm |
| 13:59 | Create | Archer |
| 13:59 | Create | Archer |
| 14:03 | Create | Villager (Male) |
| 14:14 | Build | Farm |
| 14:15 | Create | Villager (Male) |
| 14:15 | Create | Villager (Male) |
| 14:32 | Create | Villager (Male) |
| 14:33 | Build | Farm |
| 14:38 | Create | Villager (Male) |
| 14:40 | Build | House |
| 14:41 | Build | House |
| 14:59 | Create | Archer |
| 15:00 | Create | Archer |
| 15:07 | Create | Villager (Male) |
| 15:08 | Build | Farm |
| 15:11 | Build | Farm |
| 15:18 | Create | Villager (Male) |
| 15:57 | Create | Villager (Male) |
| 15:58 | Build | Farm |
| 16:08 | Create | Villager (Male) |
| 16:21 | Build | Palisade Gate |
| 16:23 | Build | Archery Range |
| 16:35 | Create | Villager (Male) |
| 16:43 | Create | Archer |
| 17:07 | Create | Archer |
| 17:08 | Create | Villager (Male) |
| 17:09 | Build | Lumber Camp |
| 17:30 | Research | Castle Age |
| 17:39 | Build | House |
| 17:42 | Create | Archer |
| 17:42 | Create | Archer |
| 17:54 | Build | House |
| 17:54 | Build | House |
| 17:57 | Create | Archer |
| 17:58 | Create | Archer |
| 18:07 | Create | Archer |
| 18:10 | Research | Padded Archer Armor |
| 18:24 | Research | Horse Collar |
| 18:27 | Create | Archer |
| 18:27 | Create | Archer |
| 18:48 | Create | Villager (Male) |
| 18:52 | Create | Archer |
| 18:53 | Create | Archer |
| 19:04 | Create | Villager (Male) |
| 19:26 | Create | Archer |
| 19:27 | Create | Archer |
| 19:41 | Build | House |
| 19:41 | Build | House |
| 19:56 | Create | Archer |
| 19:57 | Create | Archer |
| 20:14 | Age | Castle Age |
| 20:15 | Research | Crossbowman (upgrade) |
| 20:26 | Build | Siege Workshop |
| 20:38 | Research | Bodkin Arrow |
| 20:38 | Research | Bodkin Arrow |
| 20:54 | Build | University |
| 20:57 | Create | Villager (Male) |
| 20:57 | Create | Villager (Male) |
| 21:00 | Build | Town Center |
| 21:03 | Create | Archer |
| 21:03 | Create | Archer |
| 21:15 | Create | Villager (Male) |
| 21:16 | Create | Villager (Male) |
| 21:17 | Build | House |
| 21:26 | Create | Archer |
| 21:27 | Create | Archer |
| 21:35 | Create | Archer |
| 21:35 | Create | Archer |
Build order — JOJO ROAD ROLLER
118 actions detected in the replay
| 0:00 | Create | Villager (Male) ×4 |
| 0:01 | Build | House |
| 0:03 | Build | House |
| 1:26 | Create | Villager (Male) |
| 1:46 | Build | House |
| 2:02 | Create | Villager (Male) |
| 2:22 | Create | Villager (Male) |
| 2:24 | Build | Lumber Camp |
| 2:36 | Create | Villager (Male) |
| 3:04 | Create | Villager (Male) |
| 3:46 | Create | Villager (Male) |
| 3:48 | Create | Villager (Male) |
| 3:58 | Create | Villager (Male) |
| 4:21 | Create | Villager (Male) |
| 4:28 | Build | House |
| 4:32 | Research | Loom |
| 4:54 | Create | Villager (Male) |
| 4:54 | Create | Villager (Male) |
| 4:56 | Build | Barracks |
| 5:01 | Build | Barracks |
| 5:07 | Build | House |
| 5:29 | Create | Villager (Male) |
| 5:55 | Create | Militia |
| 5:55 | Create | Militia |
| 5:59 | Create | Villager (Male) |
| 6:15 | Build | Mill |
| 6:31 | Build | Palisade Wall |
| 6:33 | Build | Palisade Wall |
| 6:41 | Create | Villager (Male) |
| 6:54 | Create | Militia |
| 7:05 | Create | Villager (Male) |
| 7:13 | Build | House |
| 7:30 | Create | Villager (Male) |
| 7:58 | Create | Villager (Male) |
| 8:04 | Build | House |
| 8:05 | Build | Palisade Wall |
| 8:13 | Build | Mining Camp |
| 8:25 | Create | Villager (Male) |
| 8:34 | Build | Palisade Wall |
| 8:46 | Research | Feudal Age |
| 8:58 | Build | Palisade Wall |
| 9:27 | Build | House |
| 9:29 | Build | Palisade Wall |
| 9:40 | Build | Lumber Camp |
| 9:50 | Build | Palisade Wall |
| 9:51 | Build | Palisade Wall |
| 9:55 | Build | Palisade Wall |
| 9:56 | Build | Palisade Wall |
| 10:00 | Build | Palisade Wall |
| 10:46 | Create | Villager (Male) |
| 11:00 | Age | Feudal Age |
| 11:01 | Research | Man-at-Arms (upgrade) |
| 11:04 | Build | Archery Range |
| 11:14 | Research | Double-Bit Axe |
| 11:20 | Create | Villager (Male) |
| 11:22 | Create | Villager (Male) |
| 11:37 | Create | Villager (Male) |
| 11:59 | Create | Archer |
| 12:05 | Build | Farm |
| 12:07 | Build | Farm |
| 12:19 | Create | Villager (Male) |
| 12:48 | Create | Villager (Male) |
| 12:53 | Create | Archer |
| 13:02 | Create | Skirmisher |
| 13:11 | Build | Farm |
| 13:13 | Build | Farm |
| 13:16 | Create | Skirmisher |
| 13:25 | Build | House |
| 13:31 | Create | Villager (Male) |
| 13:35 | Research | Wheelbarrow |
| 14:05 | Build | Blacksmith |
| 14:06 | Create | Villager (Male) |
| 14:13 | Create | Villager (Male) |
| 14:20 | Create | Skirmisher |
| 14:20 | Create | Skirmisher |
| 14:34 | Create | Villager (Male) |
| 14:39 | Build | House |
| 14:44 | Build | House |
| 14:53 | Create | Villager (Male) |
| 14:54 | Create | Skirmisher |
| 14:56 | Research | Fletching |
| 15:02 | Build | Farm |
| 15:08 | Create | Villager (Male) |
| 15:17 | Create | Skirmisher |
| 15:20 | Build | Farm |
| 15:40 | Create | Skirmisher |
| 15:48 | Create | Villager (Male) |
| 15:59 | Create | Skirmisher |
| 16:01 | Build | Farm |
| 16:01 | Build | Farm |
| 16:04 | Build | Farm |
| 16:07 | Research | Horse Collar |
| 16:23 | Build | Farm |
| 16:25 | Build | Farm |
| 16:27 | Build | Farm |
| 16:29 | Create | Villager (Male) |
| 16:38 | Create | Skirmisher |
| 16:49 | Build | Mining Camp |
| 17:00 | Build | Farm |
| 17:11 | Build | Farm |
| 17:23 | Build | Farm |
| 17:29 | Build | Farm |
| 17:45 | Create | Villager (Male) |
| 17:46 | Build | Farm |
| 18:00 | Build | Farm |
| 18:04 | Create | Villager (Male) |
| 18:34 | Create | Villager (Male) |
| 18:46 | Build | Palisade Wall |
| 18:51 | Build | House |
| 19:05 | Research | Castle Age |
| 20:01 | Create | Skirmisher |
| 20:42 | Build | House |
| 21:08 | Create | Villager (Male) |
| 21:17 | Research | Padded Archer Armor |
| 21:30 | Create | Skirmisher |
| 21:45 | Age | Castle Age |
| 21:47 | Build | Town Center |
| 21:47 | Research | Elite Skirmisher (upgrade) |
Match timeline
| 4:56 | JOJO ROAD ROLLER · first_building Barracks |
| 5:31 | Nacional · first_building Barracks |
| 6:31 | JOJO ROAD ROLLER · wall_segment Palisade Wall x1 |
| 6:33 | JOJO ROAD ROLLER · wall_segment Palisade Wall x5 |
| 7:21 | Nacional · wall_segment Palisade Wall x4 |
| 7:45 | Nacional · wall_segment Palisade Wall x13 |
| 7:50 | Nacional · wall_segment Palisade Wall x3 |
| 7:57 | Nacional · wall_segment Palisade Wall x7 |
| 8:04 | Nacional · wall_segment Palisade Wall x5 |
| 8:05 | JOJO ROAD ROLLER · wall_segment Palisade Wall x1 |
| 8:34 | JOJO ROAD ROLLER · wall_segment Palisade Wall x7 |
| 8:58 | JOJO ROAD ROLLER · wall_segment Palisade Wall x3 |
| 9:16 | Nacional · age_up feudal |
| 9:20 | Nacional · first_building Archery Range |
| 9:29 | JOJO ROAD ROLLER · wall_segment Palisade Wall x5 |
| 9:50 | JOJO ROAD ROLLER · wall_segment Palisade Wall x1 |
| 9:51 | JOJO ROAD ROLLER · wall_segment Palisade Wall x1 |
| 9:55 | JOJO ROAD ROLLER · wall_segment Palisade Wall x1 |
| 9:56 | JOJO ROAD ROLLER · wall_segment Palisade Wall x1 |
| 10:00 | JOJO ROAD ROLLER · wall_segment Palisade Wall x1 |
| 11:00 | JOJO ROAD ROLLER · age_up feudal |
| 11:04 | JOJO ROAD ROLLER · first_building Archery Range |
| 18:46 | JOJO ROAD ROLLER · wall_segment Palisade Wall x1 |
| 20:14 | Nacional · age_up castle |
| 20:26 | Nacional · first_building Siege Workshop |
| 21:45 | JOJO ROAD ROLLER · age_up castle |
| 21:53 | JOJO ROAD ROLLER · resign |
[ AI ANALYSIS · 1 CREDIT ]
What really happened in this match?
Wolo.gg analyzes every decision: build order, eco, micro, common mistakes by bracket. Personalized analysis on WhatsApp or Discord in 30 seconds.
Civ guide
Dravidians
Perfil
Jugador #15442657